 Dungeon Crawl Stone Soup version 0.29-a0-676-ga64570c9d2 (webtiles) character file.

Game seed: 9755571608602195036

12100 Zonian the Covert (level 11, -7/47 HPs)
             Began as a Vine Stalker Ice Elementalist on June 24, 2022.
             Was a Believer of Makhleb.
             Mangled by an eight-headed hydra (12 damage)
             ... on level 3 of the Lair of Beasts on June 25, 2022.
             The game lasted 00:52:46 (16657 turns).

Zonian the Covert (Vine Stalker Ice Elementalist)  Turns: 16657, Time: 00:52:46

Health: -7/47      AC: 15    Str: 10    XL:     11   Next: 88%
Magic:  0/24       EV: 15    Int: 17    God:    Makhleb [**....]
Gold:   389        SH:  5    Dex: 18    Spells: 15/27 levels left

rFire   . . .      SeeInvis .   y - +2 rapier (speed)
rCold   . . .      Faith    .   (no shield)
rNeg    + . .      Spirit   +   R - +3 leather armour {rN+}
rPois   .          Reflect  +   A - +2 hat {Stlth+}
rElec   .          Harm     .   (no cloak)
rCorr   .          Rampage  .   T - +0 pair of gloves
Will    +....                   (no boots)
Stlth   ++++++....              Q - amulet of reflection
HPRegen 0.95/turn               B - ring of wizardry
MPRegen 0.19/turn               m - ring of flight

@: ice-armoured, about to teleport, freezing walls, flying
A: fangs 3, regeneration 1, magic shield, antimagic bite, no potion heal 2
a: Renounce Religion, Minor Destruction


You were on level 3 of the Lair of Beasts.
You worshipped Makhleb.
Makhleb was pleased with you.
You visited 3 branches of the dungeon, and saw 12 of its levels.
You also visited: Bailey.

You collected 806 gold pieces.
You spent 417 gold pieces at shops.

Inventory:

Hand Weapons
 d - a +0 short sword
 l - a +0 hunting sling
 y - a +2 rapier of speed (weapon)
 D - a +3 spear
 F - a +1 hand axe of electrocution
 L - a +0 shortbow
 N - a +0 short sword of draining
Missiles
 o - 16 poisoned darts
 M - a curare-tipped dart
Armour
 a - a +0 robe
 A - a +2 hat of stealth (worn)
 E - the +10 tower shield of Ignorance {rN+ Int-4}
   (You found it in a bailey)

   Int:       It affects your intelligence (-4).
   rN:        It protects you from negative energy.
 G - a +0 crystal plate armour
 I - a +0 helmet
 K - an orb of wrath
 R - a +3 leather armour of positive energy (worn)
 T - a +0 pair of gloves (worn)
Magical Staves
 f - a staff of cold
 v - a staff of poison
Jewellery
 i - an amulet of regeneration
 k - a ring of fire
 m - a ring of flight (right hand)
 t - a ring of positive energy
 B - a ring of wizardry (left hand)
 Q - an amulet of reflection (around neck)
Wands
 j - a wand of flame (15)
 w - a wand of acid (7)
 x - a wand of charming (3)
 O - a wand of iceblast (6)
Scrolls
 c - 4 scrolls of teleportation
 e - 2 scrolls of fog
 g - 2 scrolls of poison
 s - a scroll of magic mapping
 u - 2 scrolls of silence
 C - a scroll of enchant armour
 S - a scroll of amnesia
Potions
 b - 2 potions of invisibility
 h - 8 potions of curing
 p - a potion of attraction
 q - a potion of degeneration {unknown}
 r - 2 potions of brilliance
 z - 2 potions of flight
 H - 2 potions of mutation
 J - a potion of cancellation {unknown}
 P - 2 potions of lignification {unknown}
Miscellaneous
 n - a phantom mirror


   Skills:
 + Level 4.4 Short Blades
 + Level 7.0 Dodging
 + Level 10.9 Stealth
 + Level 8.5 Spellcasting
 + Level 3.5 Hexes
 + Level 9.2 Ice Magic
 + Level 6.4 Invocations


You had 15 spell levels left.
You knew the following spells:

 Your Spells              Type           Power      Damage    Failure   Level
a - Freeze                Ice            100%       1d11      1%          1
b - Frozen Ramparts       Ice            76%        1d9       1%          3
c - Ozocubu's Armour      Ice            38%        N/A       1%          3
d - Metabolic Englaciati  Hex/Ice        14%        N/A       12%         5

Your spell library contained the following spells:

 Spells                   Type           Power      Damage    Failure   Level
 Slow                     Hex            76%        N/A       1%          1
 Necrotize                Necr           28%        1d5       6%          1
 Summon Small Mammal      Summ           28%        N/A       6%          1
 Static Discharge         Conj/Air       7%         N/A       9%          2
 Sublimation of Blood     Necr           7%         N/A       9%          2
 Portal Projectile        Hex/Tloc       26%        N/A       9%          3
 Summon Guardian Golem    Hex/Summ       13%        N/A       9%          3
 Hailstorm                Conj/Ice       22%        3d7       9%          4
 Call Canine Familiar     Summ           7%         N/A       16%         3
 Summon Mana Viper        Hex/Summ       13%        N/A       56%         5
 Irradiate                Conj/Tmut      3%         3d14      80%         5
 Lightning Bolt           Conj/Air       3%         1d15      80%         5
 Dispersal                Tloc           3%         N/A       100%        6
 Disjunction              Tloc           3%         N/A       100%        8
 Infestation              Necr           3%         N/A       100%        8
 Maxwell's Capacitive Co  Air            3%         ∞         100%        8


Dungeon Overview and Level Annotations

Branches:
Dungeon (8/15)             Temple (1/1) D:4            Lair (3/6) D:8
 Bailey (visited)
  Swamp: Lair:2-4    Shoals: Lair:2-4     Snake: Lair:2-4    Spider: Lair:2-4

Altars:
Cheibriados
Dithmenos
Fedhas
Gozag
Kikubaaqudgha
Makhleb
Nemelex Xobeh
Okawaru
Ru
Sif Muna
Trog
Uskayaw
Wu Jian
Xom
Yredelemnul
Zin

Shops:
D:4 (*[   D:5 *   D:7 :

Annotations:
Lair:1 1 runed translucent door, Kazon's ghost, journeyman GrFi


Innate Abilities, Weirdness & Mutations

You have razor-sharp teeth.
Your natural rate of healing is unusually fast.
When hurt, damage is shared between your health and your magic reserves.
Your bite disrupts and absorbs the magic of your enemies.
Potions cannot restore your health.


Message History

The eight-headed hydra barely misses you.
The eight-headed hydra closely misses you. x2
The eight-headed hydra bites you but does no damage.
The eight-headed hydra misses you. The eight-headed hydra bites you!
The eight-headed hydra bites you.
Unknown command.
As you read the scroll of teleportation, it crumbles to dust.
You feel strangely unstable.
A bullfrog comes into view.
The eight-headed hydra completely misses you.
You block the eight-headed hydra's attack.
The eight-headed hydra bites you! The eight-headed hydra misses you. x2
You block the eight-headed hydra's attack.
The eight-headed hydra bites you but does no damage.
The eight-headed hydra bites you!
Casting: Frozen Ramparts (safe; 1% risk of failure)
Confirm with . or Enter, or press ? or * to list all spells.
Casting: Frozen Ramparts (safe; 1% risk of failure)
Press: ? - help, Dir - look around, f - activate An open door, spattered with blood.
The walls around you are covered in ice.
The bullfrog snags a nearby centipede with its tongue.
The wall freezes the eight-headed hydra.
The eight-headed hydra bites you.
You block the eight-headed hydra's attack. x2
The eight-headed hydra closely misses you.
The eight-headed hydra bites you! The eight-headed hydra bites you.
The eight-headed hydra barely misses you. x2
Casting: Frozen Ramparts (safe; 1% risk of failure)
Confirm with . or Enter, or press ? or * to list all spells.
A film of ice covers your body!
The wall freezes the eight-headed hydra.
The eight-headed hydra seems to slow down.
The eight-headed hydra barely misses you.
The eight-headed hydra bites you.
* * * LOW HITPOINT WARNING * * *
The eight-headed hydra bites you!
* * * LOW HITPOINT WARNING * * *
The eight-headed hydra bites you!
You die...

####### #### ##.#...####
.#.#### #.........#.#
.....P###.......@D$.#
.....##.........S#......
.....###........P# .#P..
...>.###........## F. .
....÷...........# ..
........+........# ..
.....##.#.......## #
.÷######.#+#...## ..##
##..?...#


You could see an eight-headed hydra (slow), a black mamba and a bullfrog.

Vanquished Creatures
  A hydra (Lair:2)
  Pikel (D:4)
  An elephant (D:8)
  A black mamba (Lair:3)
  3 cane toads
  A komodo dragon (Lair:3)
  12 blink frogs
  11 yaks (Lair:2)
  2 wyverns
  2 basilisks (Lair:2)
  3 steam dragons
  7 water moccasins
  Duvessa (D:7)
  Pargi (D:3)
  A sky beast (D:8)
  4 orc warriors
  7 black bears
  2 ice beasts
  3 ogres
  5 centaurs
  A lemure (D:4)
  3 phantoms
  5 bullfrogs
  A kobold brigand (D:8)
  2 scorpions
  Dowan (D:7)
  3 killer bees (D:7)
  3 howler monkeys
  A lava snake (D:8)
  3 hounds
  A gnoll shaman (D:7)
  4 orc priests
  2 jellies (D:6)
  An orc wizard (D:8)
  An iguana (D:7)
  5 adders
  4 gnolls (D:7)
  3 white imps
  An ufetubus (D:7)
  3 worms
  2 dart slugs
  28 orcs
  7 endoplasms
  7 giant cockroaches
  11 goblins
  8 hobgoblins
  6 jackals
  2 quokkas
  7 ball pythons
  4 bats
  11 kobolds
  5 rats
215 creatures vanquished.

Vanquished Creatures (collateral kills)
  A water moccasin (Lair:2)
1 creature vanquished.

Vanquished Creatures (others)
  A white imp (D:8)
  10 fungi
  15 plants
26 creatures vanquished.

Grand Total: 242 creatures vanquished

Notes
Turn   | Place    | Note
-------+----------+-------------------------------------------
     0 | D:1      | Zonian the Vine Stalker Ice Elementalist began the quest
                  | for the Orb.
     0 | D:1      | Reached XP level 1. HP: 9/9 MP: 4/4
   347 | D:1      | Reached XP level 2. HP: 7/13 MP: 4/6
  1760 | D:2      | Reached skill level 3 in Stealth
  1763 | D:2      | Reached XP level 3. HP: 16/16 MP: 7/7
  2931 | D:3      | Identified a scroll of acquirement
  2932 | D:3      | Acquired a staff of cold
  3124 | D:3      | Noticed Pargi
  3132 | D:3      | Gained mutation: Your natural rate of healing is unusually
                  | fast. [Vine Stalker growth]
  3132 | D:3      | Reached XP level 4. HP: 21/21 MP: 7/9
  3482 | D:3      | Learned a level 3 spell: Frozen Ramparts
  3486 | D:3      | Learned a level 3 spell: Ozocubu's Armour
  4855 | D:3      | Identified the +1 flail "Bibasam" {drain, *Corrode rF+
                  | Str+6}
  4940 | D:3      | Killed Pargi
  4941 | D:3      | Reached skill level 4 in Stealth
  4941 | D:3      | Reached XP level 5. HP: 22/24 MP: 1/11
  5230 | D:4      | Noticed an ogre
  5279 | D:4      | Found Otiukhu's Assorted Antiques.
  5437 | D:4      | Found Bulik's Antique Weapon Boutique.
  5679 | D:4      | Found Muruir's Antique Armour Emporium.
  5698 | D:4      | Noticed an ogre
  5705 | D:4      | Killed an ogre
  5706 | D:4      | Reached skill level 5 in Ice Magic
  5706 | D:4      | Reached XP level 6. HP: 28/28 MP: 5/12
  5872 | D:4      | Reached skill level 5 in Stealth
  6127 | D:4      | Bought a large ivory ring for 140 gold pieces
  6127 | D:4      | Bought a scroll labelled LAFFUE RILU for 28 gold pieces
  6404 | D:4      | Found a staircase to the Ecumenical Temple.
  6424 | Temple   | Entered the Ecumenical Temple
  6431 | Temple   | Became a worshipper of Makhleb the Destroyer
  6453 | D:4      | Reached XP level 7. HP: 32/32 MP: 6/14
  6588 | D:4      | Noticed Pikel
  6603 | D:4      | Killed Pikel
  6604 | D:4      | Reached skill level 6 in Stealth
  6604 | D:4      | Reached skill level 5 in Spellcasting
  6604 | D:4      | Gained mutation: You have razor-sharp teeth. [Vine Stalker
                  | growth]
  6604 | D:4      | Reached XP level 8. HP: 21/36 MP: 3/16
  7039 | D:5      | Entered Level 5 of the Dungeon
  7095 | D:5      | Got the Tome of Evil Changing
  7319 | D:5      | Reached skill level 7 in Stealth
  7319 | D:5      | Reached skill level 1 in Invocations
  7363 | D:5      | Got Oveamnee's Reference Book on Hexes
  8125 | D:5      | Found an opulent altar of Gozag.
  8128 | D:5      | Found Gozag's Platinum Reserve.
  8235 | D:6      | Reached XP level 9. HP: 38/39 MP: 15/18
  8434 | D:6      | Reached * piety under Makhleb
  8620 | D:6      | Reached skill level 5 in Dodging
  8940 | D:6      | Reached skill level 8 in Stealth
  9490 | D:7      | HP: 1/39 [something (10)]
  9726 | D:7      | Noticed Duvessa
  9726 | D:7      | Noticed Dowan
  9738 | D:7      | Killed Duvessa
  9744 | D:7      | Killed Dowan
  9847 | D:7      | Found a flagged portal.
  9857 | Bailey   | Entered a bailey
 10728 | Bailey   | Found the +10 tower shield of Ignorance {rN+ Int-4}
 10928 | D:7      | Reached skill level 1 in Short Blades
 11043 | D:7      | Found Jajiph's Book Emporium.
 11218 | D:7      | Reached XP level 10. HP: 44/44 MP: 21/21
 11234 | D:7      | Reached skill level 9 in Stealth
 11847 | D:8      | Reached ** piety under Makhleb
 12214 | D:8      | Found a staircase to the Lair.
 12214 | D:8      | Noticed an elephant
 12232 | D:8      | Killed an elephant
 13346 | Lair:1   | Entered Level 1 of the Lair of Beasts
 13504 | Lair:1   | Reached skill level 5 in Invocations
 14166 | D:4      | Bought a runed leather armour for 140 gold pieces
 14166 | D:4      | Bought a potion of curing for 84 gold pieces
 14166 | D:4      | Bought an inky potion for 25 gold pieces
 14182 | D:4      | Learned a level 5 spell: Metabolic Englaciation
 14321 | Lair:1   | Noticed a cane toad
 14348 | Lair:1   | Killed a cane toad
 14676 | Lair:1   | Found a runed translucent door.
 14676 | Lair:1   | Found a shimmering altar of Xom.
 14676 | Lair:1   | Noticed Kazon's ghost (journeyman GrFi)
 14677 | Lair:1   | Noticed a +2 scimitar of chaos
 14814 | Lair:2   | Reached skill level 10 in Stealth
 14818 | Lair:2   | Reached skill level 1 in Hexes
 14818 | Lair:2   | Reached XP level 11. HP: 47/47 MP: 23/23
 14849 | Lair:2   | HP: 2/70 [yak (4)]
 14855 | Lair:2   | HP: 2/70 [bullfrog (3)]
 14861 | Lair:2   | HP: 3/70 [water moccasin (1)]
 14871 | Lair:2   | Noticed a seven-headed hydra
 15488 | Lair:2   | Killed a seven-headed hydra
 16652 | Lair:3   | Noticed an eight-headed hydra
 16657 | Lair:3   | Mangled by an eight-headed hydra

Illustrated notes

Levels and vault maps discovered:
D:1:      roderic_octagonal_star, layout_basic
D:2:      layout_loops_cross
D:3:      layout_basic, minmay_misc_feat_ornament, uniq_pargi
D:4:      layout_cave_pools, minmay_temple_entry_junction, serial_shops, shop,
          nicolae_shop_hallway_stairs, nicolae_shop_trees, uniq_pikel
D:5:      layout_basic, nicolae_gozag_zags_fifth_avenue
D:6:      layout_loops_ring, kennysheep_diamond
D:7:      layout_loops_ring, enter_bailey_8, serial_shops,
          nicolae_shop_window_shopping, uniq_duvessa
D:8:      layout_rooms, david_lair_generic, kennysheep_island_fort
Temple:   nicolae_temple_no_exploring_needed
Lair:1:   layout_regular_city, ebering_ghost_xom
Lair:2:   layout_loops_ring
Lair:3:   layout_roguey, elwin_shoals_entry_stream, spider_nest_entry_web_field,
          grunt_megastairs_5, uniq_amaemon

Skill      XL: |  1  2  3  4  5  6  7  8  9 10 11 |
---------------+----------------------------------+-----
Stealth        | 3 4 5 6 7 8 10 | 10.9
Dodging        | 2 3 4 5 6 7 |  7.0
Spellcasting   | 3 4 5 6 7 8 |  8.5
Ice Magic      | 5 6 7 8 9 |  9.2
Invocations    | 2 4 5 6 |  6.4
Short Blades   | 1 3 4 |  4.4
Hexes          | 1 3 |  3.5

Action                   |  1- 3 |  4- 6 |  7- 9 | 10-12 || total
-------------------------+-------+-------+-------+-------++-------
Melee: Short sword       |    48 |    37 |    99 |       ||   184
       Bite              |    10 |    29 |    42 |    74 ||   155
       Staff             |       |    36 |    11 |       ||    47
       Rapier            |       |       |    26 |   183 ||   209
       Punch             |       |       |     1 |     2 ||     3
 Fire: Hunting sling     |     2 |       |    22 |    61 ||    85
Throw: Dart              |       |     2 |    10 |     6 ||    18
 Cast: Freeze            |    45 |    17 |     7 |     8 ||    77
       Frozen Ramparts   |       |     4 |    18 |    24 ||    46
       Ozocubu's Armour  |       |       |    10 |     9 ||    19
Evoke: Wand              |       |       |     1 |     8 ||     9
  Use: Scroll            |     6 |    10 |     8 |     6 ||    30
       Potion            |       |     2 |       |     5 ||     7
 Stab: Sleeping          |     4 |     5 |    23 |     9 ||    41
       Distracted        |     1 |       |       |       ||     1
Armor: Robe              |     6 |    22 |    32 |    16 ||    76
       Leather armour    |       |       |       |    21 ||    21
Dodge: Dodged            |    42 |    68 |    89 |   136 ||   335
Block: Other             |       |       |       |    26 ||    26

Table legend: (Time is in decaauts)
 A = Elapsed time spent in this place.
 B = Non-inter-level travel time spent in this place.
 C = Inter-level travel time spent in this place.
 D = Time resting spent in this place.
 E = Time spent auto-exploring this place.
 F = Levels seen in this place.
 G = Mean time per level.
                   A        B        C        D        E       F      G
               +--------+--------+--------+--------+--------+-----+--------+
         Total |  16647 |  15895 |    752 |   6953 |   5118 |  13 | 1280.5 |
       Dungeon |  12652 |  12054 |    598 |   5261 |   4151 |   8 | 1581.5 |
        Temple |     14 |      7 |      7 |      0 |      0 |   1 |   14.0 |
          Lair |   3023 |   2876 |    147 |   1114 |    967 |   3 | 1007.7 |
        Bailey |    957 |    957 |      0 |    577 |      0 |   1 |  957.0 |
               +--------+--------+--------+--------+--------+-----+--------+

Top non-repeatable levels by time:
     D:3: 2795 daAuts
     D:8: 1974 daAuts
     D:1: 1732 daAuts
  Lair:1: 1465 daAuts
     D:2: 1457 daAuts
     D:6: 1318 daAuts
     D:5: 1214 daAuts
  Lair:2: 1135 daAuts
     D:4: 1132 daAuts
     D:7: 1026 daAuts
  Bailey: 957 daAuts
  Lair:3: 422 daAuts
  Temple: 14 daAuts
